 Dungeon Crawl Stone Soup version 0.30.1-11-g7821555f0a (webtiles) character file.

Game seed: 7290946847189870978

321 lonewolfV2 the Trooper (level 6, -9/52 HPs)
             Began as a Formicid Fighter on Dec 4, 2023.
             Mangled by an ogre
             ... wielding a +0 giant spiked club
              (20 damage)
             ... on level 4 of the Dungeon.
             The game lasted 00:05:23 (2918 turns).

lonewolfV2 the Trooper (Formicid Fighter)           Turns: 2918, Time: 00:05:24

Health: -9/52      AC: 10    Str: 21    XL:     6   Next: 76%
Magic:  6/6        EV:  9    Int:  7    God:
Gold:   340        SH:  6    Dex: 15    Spells: 5/5 levels left

rFire   . . .        a - +1 war axe
rCold   . . .        c - +1 buckler
rNeg    + . .        b - +0 scale mail
rPois   .            (helmet unavailable)
rElec   .            (no cloak)
rCorr   .            (no gloves)
SInv    +            o - +2 pair of boots
Will    .....        f - amulet of the acrobat Stlth
                     k - ring of positive energy
HPRegen 0.28/turn    (no ring)
MPRegen 0.10/turn

%: acrobat
@: mighty
A: permanent stasis, dig shafts and tunnels, antennae 3, four strong arms
a: Dig, Shaft Self


You were on level 4 of the Dungeon.
You visited 2 branches of the dungeon, and saw 7 of its levels.

You collected 340 gold pieces.

Inventory:

Hand Weapons
 a - a +1 war axe (weapon)
Armour
 b - a +0 scale mail (worn)
 c - a +1 buckler (worn)
 o - a +2 pair of boots (worn)
Jewellery
 f - an amulet of the acrobat (around neck)
 k - a ring of positive energy (left hand)
Scrolls
 e - 2 scrolls of teleportation
 j - a scroll of amnesia
Potions
 g - 2 potions of degeneration
 i - a potion of heal wounds {unknown}
 l - a potion of attraction {unknown}
 m - a potion of mutation {unknown}
 n - 3 potions of flight {unknown}
 p - a potion of lignification {unknown}


   Skills:
 + Level 5.9 Fighting
 + Level 4.8 Axes
 - Level 3.2 Armour
 - Level 4.0 Shields


You had 5 spell levels left.
You didn't know any spells.
Your spell library contained the following spells:

 Spells                   Type           Power      Damage    Failure   Level
 Ensorcelled Hibernation  Hex/Ice        0%         N/A       93%         2
 Ignite Poison            Fire/Tmut/Pois 0%         N/A       99%         3
 Spider Form              Tmut/Pois      0%         N/A       99%         3
 Anguish                  Hex/Necr       0%         N/A       100%        4
 Sticky Flame             Conj/Fire      0%         2d3       100%        4
 Ignition                 Fire           0%         3d3       100%        8


Dungeon Overview and Level Annotations

Branches:
Dungeon (6/15)             Temple (1/1) D:4

Altars:
Ashenzari
Cheibriados
Dithmenos
Fedhas
Kikubaaqudgha
Makhleb
Okawaru
Ru
Sif Muna
Trog
Xom
Yredelemnul
The Shining One

Shops:
D:2 !


Innate Abilities, Weirdness & Mutations

You cannot be hasted, slowed, berserked, paralysed or teleported.
You can dig through walls and to a lower floor.
You have a pair of large antennae on your head. (SInv)
Your four strong arms can wield two-handed weapons with a shield.


Message History

A goblin is nearby!
An ogre comes into view. It is wielding a +0 giant spiked club.
The ogre shouts!
A ball python comes into view.
The goblin misses you.
You barely miss the goblin.
The ball python hisses angrily.
The goblin hits you but does no damage.
You hit the goblin.
The goblin is severely wounded.
The goblin barely misses you. The goblin closely misses you.
You hit the goblin.
You kill the goblin!
Okay, then.
The ogre completely misses you.
You completely miss the ogre. You hit the ball python.
The ball python bites you but does no damage.
The ball python closely misses you.
The ogre hits you with a +0 giant spiked club!!
You completely miss the ogre. You closely miss the ball python.
The ball python bites you. You block the ball python's attack.
The ball python closely misses you. The ball python grabs you.
The ball python constricts you.
You feel better.
The ogre hits you with a +0 giant spiked club.
The ball python bites you but does no damage.
The ball python constricts you.
You feel very mighty all of a sudden. The ball python barely misses you.
The ball python constricts you.
The ogre hits you with a +0 giant spiked club!!
You closely miss the ogre. You slash the ball python!
You kill the ball python!
The ogre hits you with a +0 giant spiked club.
* * * LOW HITPOINT WARNING * * *
You slice the ogre!!
The ogre is almost dead.
You barely miss the ogre.
The ogre is almost dead.
The ogre hits you with a +0 giant spiked club!!
You die...

#..####.####.#.........
#.......#....##....####
##........####..####
######.#...##.##
#.#......##
##.#.###...######
#..(.#<......)..##
#####.#....##..####..#
##...#@#..#####..# ##..
##.....O#..# ##.# ###
#.......#..# .#
#......)..## .#
#............ ##
##.......#####
#.....### #......
#......


You could see an ogre.

Vanquished Creatures
  A scorpion (D:5)
  A jelly (D:5)
  An orc priest (D:5)
  An iguana (D:4)
  2 orc wizards (D:5)
  An adder (D:4)
  A worm (D:2)
  2 dart slugs
  6 orcs
  8 ball pythons
  7 bats
  5 endoplasms
  7 giant cockroaches
  11 goblins
  15 hobgoblins
  4 jackals (D:5)
  4 quokkas
  4 frilled lizards
  11 kobolds
  5 rats
97 creatures vanquished.

Notes
Turn   | Place    | Note
-------+----------+-------------------------------------------
     0 | D:1      | lonewolfV2 the Formicid Fighter began the quest for the
                  | Orb.
     0 | D:1      | Reached XP level 1. HP: 18/18 MP: 1/1
   112 | D:1      | Reached XP level 2. HP: 18/24 MP: 2/2
   434 | D:1      | Reached XP level 3. HP: 16/30 MP: 3/3
   524 | D:1      | Reached skill level 4 in Fighting
  1180 | D:2      | Found Woav's Distillery.
  1209 | D:2      | Reached XP level 4. HP: 37/37 MP: 4/4
  1686 | D:3      | Found a faded altar of an unknown god.
  2169 | D:4      | Found a shimmering altar of Xom.
  2182 | D:4      | Reached XP level 5. HP: 28/43 MP: 5/5
  2354 | D:4      | You fall into a shaft and drop 2 floors!
  2360 | D:5      | Entered Level 5 of the Dungeon
  2376 | D:5      | Reached skill level 5 in Fighting
  2380 | D:5      | Reached XP level 6. HP: 10/51 MP: 6/6
  2637 | D:4      | Found a staircase to the Ecumenical Temple.
  2651 | Temple   | Entered the Ecumenical Temple
  2904 | D:4      | Noticed an ogre
  2918 | D:4      | Mangled by an ogre

Illustrated notes

Levels and vault maps discovered:
D:1:      dpeg_arrival_houses_and_road, layout_loops_ring, minmay_pentomino_w2
D:2:      layout_basic, serial_shops, shop_fountains
D:3:      layout_rooms, shapermc_ecumenical_altar_starsandcircs,
          grunt_ministairs_4, hangedman_decor_clover_reticule,
          minmay_increasing_density
D:4:      layout_rooms, lemuel_crystal_altar,
          minmay_temple_entry_drinking_statues, minmay_misc_feat_four_crosses
D:5:      layout_layer_cave, nicolae_qazlal_general_emergency,
          nicolae_hepliaklqana_hazy_memory
D:6:      layout_cave_pools, amcnicky_altar_gilded, nicolae_uskayaw_en_pointe,
          uniq_maggie
Temple:   nicolae_temple_no_exploring_needed

Skill      XL: |  1  2  3  4  5 |
---------------+----------------+-----
Fighting       | 4 5 |  5.9
Axes           | 3 4 |  4.8
Armour         | |  3.2
Shields        | |  4.0

Action                     |  1- 3 |  4- 6 || total
---------------------------+-------+-------++-------
  Melee: War axe           |   112 |   101 ||   213
    Use: Scroll            |     5 |     3 ||     8
         Potion            |       |     4 ||     4
 Armour: Scale mail        |    76 |    62 ||   138
  Dodge: Dodged            |   100 |    98 ||   198
  Block: Buckler           |    37 |    38 ||    75
